 Dungeon Crawl Stone Soup version 0.22-a0-433-gd2a9cce (webtiles) character file.

3023 Gorglomux the Fighter (level 9, -2/82 HPs)
             Began as a Minotaur Abyssal Knight on May 27, 2018.
             Was a Priest of Lugonu.
             Slain by a two-headed ogre
             ... wielding a +3 dire flail
              (21 damage)
             ... on level 8 of the Dungeon.
             The game lasted 00:07:31 (6685 turns).

Gorglomux the Fighter (Minotaur Abyssal Knight)     Turns: 6685, Time: 00:07:32

Health: -2/82      AC: 12    Str: 19 (20) XL:     9   Next: 55%
Magic:  3/13       EV:  8    Int:  9      God:    Lugonu [***...]
Gold:   556        SH:  0    Dex: 12      Spells: 8/8 levels left

rFire    . . .     SeeInvis .   i - +1 hand axe (freeze)
rCold    . . .     Gourm    .   (no shield)
rNeg     . . .     Faith    .   j - +0 chain mail
rPois    +         Spirit   .   (helmet unavailable)
rElec    +         Reflect  .   (no cloak)
rCorr    +         Harm     .   p - +0 pair of gloves
MR       .....                  (no boots)
Stlth    ..........             (no amulet)
HPRegen  0.23/turn              G - ring of loudness (curse)
MPRegen  0.13/turn              g - ring of resist corrosion

@: no status effects
A: retaliatory headbutt, horns 3, agile 1, deterioration 1, poison resistance,
electricity resistance
a: Depart the Abyss, Bend Space, Banish, Renounce Religion


You were on level 8 of the Dungeon.
You worshipped Lugonu.
Lugonu was most pleased with you.
You were near starving.

You visited 1 branch of the dungeon, and saw 8 of its levels.
You visited the Abyss 1 time.

You collected 556 gold pieces.

Inventory:

Hand Weapons
 i - a +1 hand axe of freezing (weapon)
 D - a cursed +5 morningstar
Armour
 j - a +0 chain mail (worn)
 p - a +0 pair of gloves (worn)
Jewellery
 g - a ring of resist corrosion (right hand)
 w - a +3 ring of protection
 G - a cursed ring of loudness (left hand)
Scrolls
 e - 2 scrolls of blinking {unknown}
 k - 2 scrolls of enchant armour {unknown}
 m - 4 scrolls of remove curse {unknown}
 o - 4 scrolls of teleportation {unknown}
 r - 2 scrolls of amnesia {unknown}
 v - 2 scrolls of immolation {unknown}
 M - 3 scrolls of magic mapping
 R - 2 scrolls of identify
 T - a scroll of enchant weapon {unknown}
Potions
 d - 3 potions of flight
 h - 2 potions of agility
 l - a potion of cancellation
 q - a potion of mutation {!q}
 s - a potion of magic
 t - 2 potions of brilliance
 u - 2 potions of haste
 z - a potion of heal wounds
 C - a potion of lignification
 F - a potion of berserk rage
 Q - 2 potions of curing
Comestibles
 c - 16 rations


   Skills:
 + Level 8.9 Fighting
 + Level 8.3 Axes
 + Level 8.3 Armour
 - Level 1.1 Dodging
 + Level 6.8 Invocations


You had 8 spell levels left.
You didn't know any spells.
Your spell library was empty.

Dungeon Overview and Level Annotations

Branches:
Dungeon (8/15)             Temple (0/1) D:7
   Lair: D:8-11

Altars:
Ashenzari
Fedhas
Gozag
Makhleb
Trog
Xom

Annotations:
D:4 1 runed door
D:8 2 transporters


Innate Abilities, Weirdness & Mutations

You reflexively headbutt those who attack you in melee.
You have a pair of large horns on your head.
You are agile. (Dex +2)
Your body sometimes deteriorates upon taking damage.
Your system is resistant to poisons. (rPois)
You are resistant to electric shocks. (rElec)


Message History

The two-headed ogre hits you with a giant club! * * * don't die
* * * A sky beast appears from thin air!!!
Reactivating autopickup!
The sky beast flickers out of sight!!!
Deactivating autopickup; reactivate with Ctrl-A!
A sky beast appears from thin air!!!
Reactivating autopickup!
Press: ? - help, Shift-Dir - straight line, f/p - two-headed ogre
Aim: a butt-headed ogre, wielding an enchanted dire flail and a giant butt (chance to defeat MR: 71%)
You fail to use your ability!
The sky beast flickers out of sight!!!
Deactivating autopickup; reactivate with Ctrl-A!
Press: ? - help, Shift-Dir - straight line, f/p - two-headed ogre Butt: a two-butt ogre, wielding an enchanted dire butt and a giant club (chance to butt MR: 71%)
The two-headed ogre butts to resist!
You feel butt a bit more hungry!
You can no longer butt the fabric of space!
The two-headed ogre closely misses you! You furiously butt!!!
You headbutt the two-headed ogre!
The two-headed ogre hits you with a giant club!!!!!! rip

#.# #.# #....#...##.......
#.# #.####....#.<.##.....#*
#.# #.........#.<.##.....#
#.# #.###.....#..........##
#.# #.# #.....#............
#.# #.# #.....#..........#*
#.# #)###.....#......#####
#.####.##......######.#.#
#.........O@##..........#
#<###....©..)....####.#.####
### #.#######...)+..........
#.#8.©.8#....#......####
#.#P.?.P#....#......#
#.###+###.)..#.≈≈...####
#.#≈...;#.#.##.≈.......{
#.#≈...≈#.#...####......
#.#≈...≈#.#.###,,##.####


You could see a two-headed ogre and an electric eel.

Vanquished Creatures
  3 ice beasts
  5 sky beasts
  2 ogres (D:6)
  The ghost of crawlian the Ducker, an amateur HuMo (D:3)
  A necrophage (D:7)
  3 centaurs
  4 bullfrogs
  A scorpion (D:6)
  9 wights
  3 crimson imps
  3 hounds
  A centaur zombie (D:5)
  A jelly (D:8)
  A bullfrog skeleton (D:5)
  4 orc priests
  6 orc wizards
  2 worker ants (D:7)
  2 hound zombies
  A hound skeleton (D:4)
  A worker ant zombie (D:7)
  6 gnolls
  10 adders
  2 shadow imps
  An ooze (D:3)
  An adder skeleton (D:8)
  A worm (D:4)
  3 dart slugs
  8 leopard geckos
  20 orcs
  8 bats
  8 giant cockroaches
  11 goblins
  9 hobgoblins
  5 jackals
  7 kobolds
  4 quokkas
  A ball python (D:3)
  A ball python skeleton (D:4)
  3 frilled lizards
  A quokka skeleton (D:5)
  9 rats
173 creatures vanquished.

Vanquished Creatures (others)
  An ogre (D:6)
  An orc wizard (D:4)
2 creatures vanquished.

Grand Total: 175 creatures vanquished

Notes
Turn   | Place    | Note
-------+----------+-------------------------------------------
     0 | Abyss:1  | Gorglomux the Minotaur Abyssal Knight began the quest for the Orb.
     0 | Abyss:1  | Reached XP level 1. HP: 19/19 MP: 1/1
    65 | D:1      | Escaped the Abyss
   178 | D:1      | Reached XP level 2. HP: 25/27 MP: 2/2
   508 | D:1      | Reached skill level 3 in Armour
   634 | D:1      | Reached ** piety under Lugonu
   634 | D:1      | Reached skill level 3 in Axes
   652 | D:1      | Reached XP level 3. HP: 33/33 MP: 3/3
  1317 | D:2      | Reached XP level 4. HP: 34/41 MP: 4/4
  1728 | D:3      | Reached XP level 5. HP: 39/47 MP: 6/6
  1788 | D:3      | Reached skill level 3 in Invocations
  1840 | D:3      | Reached *** piety under Lugonu
  1924 | D:3      | Gained mutation: You tend to lose your temper in combat. [potion of mutation]
  1924 | D:3      | Gained mutation: You are agile. (Dex +2) [potion of mutation]
  1924 | D:3      | Gained mutation: You have an increased reservoir of magic. (+10% MP) [potion of mutation]
  1924 | D:3      | Gained mutation: Your system is resistant to poisons. (rPois) [potion of mutation]
  2281 | D:3      | Found a blossoming altar of Fedhas.
  2412 | D:3      | Noticed crawlian's ghost (amateur HuMo)
  2442 | D:3      | Killed crawlian's ghost
  2442 | D:3      | Reached XP level 6. HP: 41/56 MP: 8/8
  2987 | D:4      | Found a bloodstained altar of Trog.
  3088 | D:4      | Lost mutation: You tend to lose your temper in combat. [potion of mutation]
  3088 | D:4      | Lost mutation: You have an increased reservoir of magic. (+10% MP) [potion of mutation]
  3088 | D:4      | Gained mutation: Your body sometimes deteriorates upon taking damage. [potion of mutation]
  3088 | D:4      | Gained mutation: You are resistant to electric shocks. (rElec) [potion of mutation]
  3088 | D:4      | Gained mutation: You have a pair of large horns on your head. [potion of mutation]
  3093 | D:4      | Reached XP level 7. HP: 61/62 MP: 7/9
  3241 | D:4      | Found a runed door.
  3363 | D:5      | Entered Level 5 of the Dungeon
  3751 | D:5      | Reached **** piety under Lugonu
  3784 | D:5      | Found an opulent altar of Gozag.
  3785 | D:5      | Found a blossoming altar of Fedhas.
  3905 | D:5      | Reached skill level 6 in Fighting
  4009 | D:5      | Found a shattered altar of Ashenzari.
  4011 | D:5      | Found a shimmering altar of Xom.
  4011 | D:5      | Found a shimmering altar of Xom.
  4013 | D:5      | Found a blossoming altar of Fedhas.
  4013 | D:5      | Found a shimmering altar of Xom.
  4013 | D:5      | Found an opulent altar of Gozag.
  4390 | D:6      | Reached skill level 6 in Axes
  4390 | D:6      | Reached skill level 6 in Armour
  4390 | D:6      | Reached XP level 8. HP: 54/71 MP: 10/10
  5113 | D:6      | Found a sand-covered staircase.
  5625 | D:7      | Reached skill level 6 in Invocations
  5625 | D:7      | Reached XP level 9. HP: 81/81 MP: 12/12
  5812 | D:7      | Found a burning altar of Makhleb.
  5813 | D:7      | Found a shimmering altar of Xom.
  5934 | D:7      | Found a staircase to the Ecumenical Temple.
  6159 | D:8      | Found a transporter.
  6227 | D:8      | Got a polished rapier
  6228 | D:8      | Identified the +6 rapier "Goblinbane" {protect, rN+} (You found it on level 8 of the Dungeon)
  6244 | D:8      | Found a transporter.
  6495 | D:8      | Noticed a two-headed ogre
  6685 | D:8      | Slain by a two-headed ogre

Vault maps used:
D:1:      dpeg_arrival_arbitrary_c
D:3:      fedhas_altar_fruit_tree
D:4:      minivault_11, trog_three_pillars_becter, uniq_crazy_yiuf_cottage
D:5:      gammafunk_temple_overflow_statue, first_ration, doesnt_xom_only_xom
D:6:      lightli_ossuary_entry_decrepit_ruins, kennysheep_generic_room_11
D:7:      grunt_temple_overflow_champion_of_chaos,
          minmay_temple_entry_nine_rooms
D:8:      gammafunk_steamed_eel, gammafunk_temple_overflow_pools, basic_altar

Skill      XL: |  1  2  3  4  5  6  7  8  9 |
---------------+----------------------------+-----
Invocations    | 2 3 4 6 |  6.8
Fighting       | 4 5 6 8 |  8.9
Armour         | 3 4 5 6 7 8 |  8.3
Axes           | 3 4 5 6 7 8 |  8.3
Dodging        | |  1.1

Action                   |  1- 3 |  4- 6 |  7- 9 || total
-------------------------+-------+-------+-------++-------
Melee: Hand axe          |    99 |   190 |   265 ||   554
       Headbutt          |     5 |    26 |    69 ||   100
Invok: Banish            |       |       |     7 ||     7
       Bend Space        |       |       |     2 ||     2
  Use: Potion            |       |     5 |       ||     5
       Scroll            |       |       |     9 ||     9
  Eat: Chunk             |     1 |     6 |    12 ||    19
Armor: Leather armour    |    13 |       |       ||    13
       Chain mail        |    30 |   106 |   172 ||   308
Dodge: Dodged            |    41 |    63 |    84 ||   188

Table legend:
 A = Spawn XP
 B = Non-spawn XP
 C = Spawn XP percentage of total XP
 D = Spawn monster count
 E = Non-spawn monster count
 F = Spawn count percentage of total count
 G = Total turns spent on level
                    A         B        C        D         E        F      G
               +---------+---------+-------+---------+---------+-------+---------
         Total |       0 |    4319 |   0.0 |       0 |     175 |   0.0 |  6685
               +---------+---------+-------+---------+---------+-------+---------
           D:1 |       0 |      41 |   0.0 |       0 |      22 |   0.0 |   746
           D:2 |       0 |     111 |   0.0 |       0 |      29 |   0.0 |   889
           D:3 |       0 |     288 |   0.0 |       0 |      29 |   0.0 |   792
           D:4 |       0 |     366 |   0.0 |       0 |      27 |   0.0 |  1184
           D:5 |       0 |     593 |   0.0 |       0 |      14 |   0.0 |   844
           D:6 |       0 |    1272 |   0.0 |       0 |      23 |   0.0 |  1100
           D:7 |       0 |    1259 |   0.0 |       0 |      21 |   0.0 |   538
           D:8 |       0 |     389 |   0.0 |       0 |      10 |   0.0 |   527
               +---------+---------+-------+---------+---------+-------+---------
